 Dungeon Crawl Stone Soup version 0.20.0-1-g1cb1d84 (webtiles) character file.

1869 welfe the Cleaver (level 8, -9/94 HPs)
             Began as a Deep Dwarf Artificer on May 27, 2017.
             Was a Follower of Makhleb.
             Mangled by an orc warrior
             ... wielding a cursed +0 halberd
              (15 damage)
             ... in a bailey.
             The game lasted 00:16:28 (5375 turns).

welfe the Cleaver (Deep Dwarf Artificer)            Turns: 5375, Time: 00:16:29

Health: -9/94      AC: 11    Str: 23      XL:     8   Next: 90%
Magic:  4/4        EV:  8    Int: 10 (12) God:    Makhleb [*.....]
Gold:   475        SH:  6    Dex: 19      Spells: 7/7 levels left

rFire    . . .     SeeInvis .   s - +0 hand axe
rCold    . . .     Gourm    .   H - +0 buckler
rNeg     . . .     Faith    .   w - +0 plate armour
rPois    .         Spirit   .   (no helmet)
rElec    .         Reflect  .   (no cloak)
rCorr    .         Harm     .   (no gloves)
MR       +....                  r - +0 pair of boots
Stlth    ..........             n - amulet of magic regeneration
Regen    0.0/turn               D - +6 ring of dexterity
MPRegen  0.2/turn               (no ring)

@: mighty, berserking, non-regenerating, very quick
A: damage resistance, heal wounds, sense surroundings 1, no regeneration
a: Heal Wounds, Renounce Religion


You were in a bailey.
You worshipped Makhleb.
Makhleb was aware of your devotion.
You were not hungry.

You visited 2 branches of the dungeon, and saw 8 of its levels.
You also visited: Bailey.

You collected 475 gold pieces.

Inventory:

Hand Weapons
 q - a +0 war axe
 s - a +0 hand axe (weapon)
Missiles
 E - 41 poisoned needles
 Q - 220 stones (quivered)
Armour
 r - a +0 pair of boots (worn)
 w - a +0 plate armour (worn)
 H - a +0 buckler (worn)
Jewellery
 n - an amulet of magic regeneration (around neck)
 D - a +6 ring of dexterity (left hand)
Wands
 c - a wand of flame (6/48)
 d - a wand of disintegration (15/24)
 e - a wand of random effects (8/48)
 y - a wand of polymorph (6/24)
 L - a wand of enslavement (14/24)
Scrolls
 b - a scroll of immolation {unknown}
 g - a scroll of magic mapping {unknown}
 i - 3 scrolls of amnesia {unknown}
 j - 3 scrolls of identify {unknown}
 k - a scroll of fear {unknown}
 l - 3 scrolls of teleportation {unknown}
 m - a scroll of recharging {unknown}
 u - 3 scrolls of enchant weapon {unknown}
 v - a scroll of acquirement {unknown}
 F - 3 scrolls of remove curse
 I - a scroll of random uselessness {unknown}
Potions
 o - a potion of brilliance
 p - 5 potions of heal wounds
 x - a potion of lignification {!q}
 A - 4 potions of curing
 B - a potion of berserk rage {!q}
Books
 h - a book of Cantrips
 K - a book of Death
Comestibles
 f - 9 bread rations
 t - 6 meat rations


   Skills:
 - Level 0.8 Fighting
   Level 0.8 Short Blades
 - Level 9.2 Axes
 - Level 3.0 Dodging
 - Level 1.2 Stealth
 - Level 4.0 Shields
 * Level 7.7 Invocations
 - Level 5.0 Evocations


You had 7 spell levels left.
You didn't know any spells.

Dungeon Overview and Level Annotations

Branches:
Dungeon (7/15)             Temple (1/1) D:6

Altars:
Ashenzari
Cheibriados
Dithmenos
Gozag
Kikubaaqudgha
Makhleb
Nemelex Xobeh
Okawaru
Qazlal
Sif Muna
Trog
Uskayaw
Vehumet
Xom
Yredelemnul
Zin
The Shining One


Innate Abilities, Weirdness & Mutations

You are resistant to damage.
You can heal yourself by infusing magical energy.
You passively map a small area around you.
You do not regenerate.


Message History

You block the orc warrior's attack.
The orc warrior hits you from afar with a glaive!!
* * * LOW HITPOINT WARNING * * *
You now have 30/94 hp.
You slash the orc!
You kill the orc!
You slash the orc!
You kill the orc!
The orc hits you but does no damage. You block the orc's attack.
The orc warrior hits you from afar with a halberd!
* * * LOW HITPOINT WARNING * * *
You take 6 damage, and have 24/94 hp.
The orc closely misses you.
The orc knight hits you with a halberd!!
* * * LOW HITPOINT WARNING * * *
You take 18 damage, and have 6/94 hp.
You closely miss the orc knight. You slash the orc warrior!
You hit the orc warrior. You closely miss the orc warrior.
The orc warrior hits you with a halberd!!
You die...

* * ####### ####### ,,
##.....#########.....##
,,,
+....oo.#.....#.......#
,
+...oo@.'.....'...))..#
+...oo).'.....'.))))..'
+...oo))'.....'..)))..#
,+....o..#.....#..)....#
,
##.....#########.....##
** * ####### #######


You could see an orc knight, 4 orc warriors and 4 orcs.

Vault maps used:
D:1:      dpeg_arrival_lava_temple_mockup, cheibriados_altar_1
D:2:      okawaru_metal_pillars_1_2, uniq_natasha
D:3:      dancing_weapons_uskayaw, uniq_jessica
D:4:      first_bread, minmay_misc_feat_diagonals
D:6:      minmay_temple_entry_fiery
D:7:      minmay_the_grid_octo_tiled_octocenter,
          nicolae_ru_sacrificial_ziggurat, elyvilon_altar_4, enter_bailey_1,
          serial_bayou_pond_a, lemuel_centaur_altar
Temple:   eino_narrow_crystal_temple
Bailey:   bailey_polearm_5, bailey

Notes
Turn   | Place    | Note
-------+----------+-------------------------------------------
     0 | D:1      | welfe the Deep Dwarf Artificer began the quest for the Orb.
     0 | D:1      | Reached XP level 1. HP: 16/16 MP: 3/3
    20 | D:1      | Identified a +0 ring mail (You found it on level 1 of the Dungeon)
   222 | D:1      | Found a snail-covered altar of Cheibriados.
   251 | D:1      | Reached XP level 2. HP: 19/24 MP: 5/5
   376 | D:1      | Identified an amulet of magic regeneration (You found it on level 1 of the Dungeon)
   465 | D:1      | Reached skill level 3 in Dodging
   480 | D:1      | Reached XP level 3. HP: 14/30 MP: 6/6
   612 | D:2      | Reached skill level 5 in Evocations
   643 | D:2      | Identified a +0 club (You took it off a hobgoblin on level 2 of the Dungeon)
   661 | D:2      | Identified a +0 hand axe (You found it on level 2 of the Dungeon)
   772 | D:2      | HP: 6/30 [leopard gecko (3)]
   795 | D:2      | Reached skill level 1 in Axes
   820 | D:2      | Identified a +0 chain mail (You found it on level 2 of the Dungeon)
   825 | D:2      | Identified a +0 pair of boots (You found it on level 2 of the Dungeon)
   828 | D:2      | Noticed Natasha
   834 | D:2      | Killed Natasha
   834 | D:2      | Reached skill level 2 in Axes
   834 | D:2      | Reached XP level 4. HP: 34/37 MP: 7/7
  1128 | D:2      | Noticed Natasha
  1138 | D:2      | Killed Natasha
  1138 | D:2      | Reached skill level 3 in Axes
  1229 | D:2      | Noticed Natasha
  1262 | D:2      | Killed Natasha
  1319 | D:2      | Found an iron altar of Okawaru.
  1466 | D:3      | Noticed a hand axe
  1468 | D:3      | Noticed a hand axe
  1537 | D:3      | Noticed Jessica
  1547 | D:3      | Killed Jessica
  1547 | D:3      | Reached skill level 4 in Axes
  1547 | D:3      | Reached XP level 5. HP: 23/43 MP: 8/8
  1597 | D:3      | Identified a ring of dexterity (You found it on level 3 of the Dungeon)
  1705 | D:3      | Found a hide-covered altar of Uskayaw.
  1759 | D:3      | HP: 10/43 [orc wizard/magic dart (3)]
  1777 | D:3      | HP: 8/43 [orc wizard/magic dart (9)]
  1791 | D:3      | HP: 9/43 [orc wizard/magic dart (5)]
  1794 | D:3      | Reached skill level 5 in Axes
  2159 | D:3      | Identified a cursed +0 ring mail (You found it on level 3 of the Dungeon)
  2246 | D:4      | Reached XP level 6. HP: 29/50 MP: 8/8
  2358 | D:4      | Identified a +0 buckler (You found it on level 4 of the Dungeon)
  2572 | D:4      | Reached skill level 1 in Shields
  2608 | D:4      | Reached skill level 2 in Shields
  2635 | D:4      | HP: 11/50 [orc wizard/magic dart (3)]
  2638 | D:4      | HP: 4/50 [orc wizard/magic dart (4)]
  2649 | D:4      | Reached skill level 3 in Shields
  3072 | D:4      | Reached skill level 4 in Shields
  3072 | D:4      | Reached XP level 7. HP: 31/56 MP: 8/8
  3173 | D:5      | Entered Level 5 of the Dungeon
  3227 | D:5      | Reached skill level 6 in Axes
  3774 | D:5      | Reached skill level 7 in Axes
  3867 | D:5      | HP: 12/56 [centaur/arrow (12)]
  4241 | D:6      | Reached skill level 8 in Axes
  4321 | D:6      | HP: 12/56 [iguana (8)]
  4416 | D:6      | Reached XP level 8. HP: 27/63 MP: 8/8
  4431 | D:6      | HP: 15/63 [centaur (3)]
  4442 | D:6      | Identified a potion of haste
  4450 | D:6      | Reached skill level 9 in Axes
  4595 | D:6      | Found a staircase to the Ecumenical Temple.
  4601 | Temple   | Entered the Ecumenical Temple
  4682 | Temple   | Became a worshipper of Makhleb the Destroyer
  4821 | D:6      | Reached skill level 1 in Invocations
  4826 | D:6      | Reached skill level 3 in Invocations
  4920 | D:6      | Reached skill level 4 in Invocations
  5071 | D:7      | Found a flagged portal.
  5091 | D:7      | HP: 8/63 [shadow imp/nerve-wracking pain (12)]
  5100 | Bailey   | Entered a bailey
  5110 | Bailey   | Identified a potion of magic
  5110 | Bailey   | HP: 6/63 [orc warrior/spear (14)]
  5115 | Bailey   | Identified a potion of flight
  5116 | Bailey   | Identified 2 potions of curing
  5117 | Bailey   | Identified a potion of degeneration
  5118 | Bailey   | Identified 2 potions of lignification
  5119 | Bailey   | Identified 2 potions of heal wounds
  5120 | Bailey   | Identified a potion of berserk rage
  5138 | Bailey   | HP: 23/94 [orc warrior/trident (11)]
  5161 | Bailey   | Identified a potion of might
  5162 | Bailey   | Identified 2 potions of brilliance
  5163 | Bailey   | HP: 9/63 [orc warrior/spear (13)]
  5163 | Bailey   | HP: 3/63 [orc/trident (2)]
  5169 | Bailey   | Reached skill level 5 in Invocations
  5171 | Bailey   | Reached skill level 6 in Invocations
  5226 | Bailey   | Reached skill level 7 in Invocations
  5237 | Bailey   | Reached * piety under Makhleb
  5248 | Bailey   | HP: 10/63 [orc warrior/glaive (29)]
  5289 | Bailey   | HP: 12/63 [orc warrior/glaive (9)]
  5296 | Bailey   | HP: 12/63 [orc warrior/glaive (11)]
  5314 | Bailey   | Identified a scroll of blinking
  5315 | Bailey   | Identified 4 scrolls of remove curse
  5326 | Bailey   | Identified a +0 plate armour (You took it off an orc warrior in a bailey)
  5367 | Bailey   | Noticed an orc knight
  5374 | Bailey   | HP: 6/94 [orc knight/halberd (18)]
  5375 | Bailey   | Identified a cursed +0 halberd
  5375 | Bailey   | Mangled by an orc warrior

Table legend:
 A = Turns spent in this place as a percentage of turns spent in the entire game.
 B = Non-inter-level travel turns spent in this place as a percentage of non-inter-level travel turns spent in the entire game.
 C = Inter-level travel turns spent in this place as a percentage of turns spent in this place.
 D = Turns resting spent in this place as a percentage of non-inter-level travel turns spent in this place.
 E = Turns spent auto-exploring this place as a percentage of non-inter-level travel turns spent in this place.
 F = Non-inter-level travel turns spent in this place divided by the number of levels of this place that you've seen.
                   A       B       C       D       E      F
               +-------+-------+-------+-------+-------+----------------------
         Total | 100.0 | 100.0 |   0.3 |   0.6 |   7.2 | 230.9
       Dungeon |  85.6 |  85.6 |   0.3 |   0.7 |   8.0 | 254.0
        Temple |   1.7 |   1.7 |   2.8 |   0.0 |  20.0 |  35.0
        Bailey |  12.7 |  12.8 |   0.0 |   0.0 |   0.0 | 265.0
               +-------+-------+-------+-------+-------+----------------------

Table legend:
 A = Kills in this place as a percentage of kills in entire the game.
 B = Kills by you in this place as a percentage of kills by you in the entire game.
 C = Kills by friends in this place as a percentage of kills by friends in the entire game.
 D = Other kills in this place as a percentage of other kills in the entire game.
 E = Experience gained in this place as a percentage of experience gained in the entire game.
 F = Experience gained in this place divided by the number of levels of this place that you have seen.
                   A       B       C       D       E      F
               +-------+-------+-------+-------+-------+----------------------
         Total | 100.0 | 100.0 | 100.0 |  -nan | 100.0 | 296.8
       Dungeon |  82.1 |  82.7 |   0.0 |  -nan |  77.3 | 295.1
        Bailey |  17.9 |  17.3 | 100.0 |  -nan |  22.7 | 605.0
               +-------+-------+-------+-------+-------+----------------------

Skill      XL: |  1  2  3  4  5  6  7  8 |
---------------+-------------------------+-----
Dodging        | 3 |  3.0
Evocations     | 5 |  5.0
Axes           | 2 4 5 8 9 |  9.2
Shields        | 4 |  4.0
Invocations    | 7 |  7.7
Fighting       | |  0.8
Short Blades   | |  0.8
Stealth        | |  1.2

Action                   |  1- 3 |  4- 6 |  7- 9 || total
-------------------------+-------+-------+-------++-------
Melee: Short sword       |    91 |       |       ||    91
       Hand axe          |    18 |   319 |   430 ||   767
 Abil: Heal Wounds       |     1 |     8 |    30 ||    39
Evoke: Wand              |     3 |     7 |     7 ||    17
  Use: Potion            |       |       |    12 ||    12
       Scroll            |       |       |     2 ||     2
 Stab: Paralysed         |       |     7 |     4 ||    11
       Sleeping          |       |     1 |       ||     1
  Eat: Chunk             |       |     8 |     5 ||    13
       Royal jelly       |       |       |     2 ||     2
Armor: Ring mail         |    57 |    51 |   103 ||   211
       Chain mail        |     2 |    98 |       ||   100
       Skin              |       |       |   196 ||   196
       Plate armour      |       |       |     9 ||     9
Dodge: Dodged            |    76 |   157 |   357 ||   590
Block: Buckler           |       |    27 |   208 ||   235

Vanquished Creatures
  4 orc warriors (Bailey)
  A black bear (D:6)
  2 ogres (D:6)
  2 centaurs
  A bullfrog (D:6)
  A scorpion (D:4)
  3 crimson imps (D:5)
  3 hounds
  A bullfrog skeleton (D:4)
  A gnoll shaman (D:6)
  4 orc wizards
  2 centaur skeletons
  An orc priest (D:3)
  Jessica (D:3)
  Natasha (thrice) (D:2)
  An iguana (D:6)
  4 worker ants
  A hound zombie (D:5)
  A worker ant zombie (D:6)
  3 gnolls (D:6)
  5 adders
  2 shadow imps
  2 oozes
  3 worms
  3 dart slugs (D:1)
  2 leopard geckos (D:2)
  33 orcs
  9 giant cockroaches
  4 goblins
  5 hobgoblins
  5 jackals
  3 quokkas
  2 ball pythons
  5 bats
  7 frilled lizards
  2 jackal zombies (D:5)
  7 kobolds
  A leopard gecko skeleton (D:4)
  2 leopard gecko zombies
  8 rats
150 creatures vanquished.

Vanquished Creatures (collateral kills)
  An orc (Bailey)
1 creature vanquished.

Grand Total: 151 creatures vanquished
